 Dungeon Crawl Stone Soup version 0.31-a0-1589-g8f5e8aebd6 (webtiles) character file.

Game seed: 16111499347898713943

205 CowFu the Ruffian (level 5, 0/36 HPs)
             Began as a Draconian Shapeshifter on Jan 5, 2024.
             Was a Follower of Hepliaklqana.
             Succumbed to a kobold brigand's curare-tipped dart
             ... in a sewer.
             The game lasted 00:04:43 (2485 turns).

CowFu the Ruffian (Draconian Shapeshifter)          Turns: 2485, Time: 00:04:44

Health: 0/36       AC:  5    Str: 18    XL:     5   Next: 52%
Magic:  5/5        EV: 12    Int: 10    God:    Hepliaklqana [*.....]
Gold:   87         SH:  0    Dex: 11    Spells: 4/4 levels left

rFire   . .          .
                       - Unarmed
rCold   . . .        (no shield)
rNeg    . . .        (body armour unavailable)
rPois   .            (helmet currently unavailable)
rElec   .            (cloak currently unavailable)
rCorr   .            (gloves currently unavailable)
SInv    .            (boots currently unavailable)
Will    .....        f - amulet of faith
Stlth   +            (no ring)
HPRegen 0.26/turn    (no ring)
MPRegen 0.09/turn

%: faith
@: lethally poisoned (0 -> -11), beast-form, slowed, very slow
A: beast (slay +2), reduced essence, AC +5, unfitting armour, cold-blooded
a: Begin Untransformation, Renounce Religion, Recall Ancestor, Ancestor Identity


You were in a sewer.
You worshipped Hepliaklqana.
Hepliaklqana was aware of your devotion.
You were a hulking beast.
You visited 1 branch of the dungeon, and saw 3 of its levels.
You also visited: Sewer.

You collected 87 gold pieces.

Inventory:

Armour
 g - a +0 cloak
Jewellery
 f - an amulet of faith (around neck)
Talismans
 b - a beast talisman
 c - a flux talisman
 i - a maw talisman
Scrolls
 k - a scroll of fog {unknown}
Potions
 a - a potion of lignification
 e - a potion of cancellation
 h - a potion of enlightenment
 j - a potion of haste
 l - a potion of invisibility {unknown}


   Skills:
 - Level 1.1 Fighting
 - Level 1.7 Dodging
 + Level 4.9 Unarmed Combat
 + Level 4.6 Shapeshifting


You had 4 spell levels left.
You didn't know any spells.
Your spell library was empty.

Dungeon Overview and Level Annotations

Branches:
Dungeon (3/15)              Sewer (1/1)

Altars:
Hepliaklqana


Innate Abilities, Weirdness & Mutations

You are a hulking beast.
Your limbs bulge with bestial killing power. (Slay +2)
Your life essence is reduced to manifest your ancestor. (-10% HP)
Your plain brown scales are hard. (AC +5)
You cannot fit into any form of body armour.
You are cold-blooded and may be slowed by cold attacks.


Message History

The kobold brigand throws a curare-tipped dart.
The curare-tipped dart hits Numeria.
Something barely misses Numeria.
The kobold throws a poisoned dart.
The poisoned dart hits Numeria!
You swap places.
The kobold brigand hits you with a +0 whip!
The kobold hits you but does no damage.
The kobold hits you with a +0 short sword.
There is an open door, spattered with blood here.
You hit the kobold brigand.
The kobold brigand is heavily wounded.
The kobold hits you but does no damage.
The kobold brigand hits you with a +0 whip.
The kobold hits you with a +0 short sword.
You are too injured to fight recklessly!
You are too injured to fight recklessly!
You are too injured to fight recklessly!
Something barely misses Numeria.
The kobold brigand misses Numeria.
The kobold throws a poisoned dart.
The poisoned dart hits Numeria!
You are too injured to fight recklessly!
You are too injured to fight recklessly!
Numeria hits the kobold brigand.
Something hits Numeria.
The kobold brigand hits Numeria with a +0 whip!
The kobold hits Numeria with a +0 short sword.
Numeria hits the kobold brigand but does no damage.
The kobold brigand hits Numeria with a +0 whip.
The kobold completely misses Numeria.
Numeria hits the kobold brigand.
The kobold brigand barely misses Numeria.
Something closely misses Numeria.
The kobold hits Numeria with a +0 short sword.
Numeria is destroyed!
The kobold brigand throws a curare-tipped dart.
The curare-tipped dart hits you.
You are lethally poisoned!
You have difficulty breathing.
* * * LOW HITPOINT WARNING * * *
You feel yourself slow down.
* * * LOW HITPOINT WARNING * * *
You feel very sick.
You die...

##### ##### ##..∩# #####
#∩..#####..#### ≈## ###
####...######...##..#####
≈#..#.K##K.......#####.......##†.
≈#.....#.K......h..##...........†
#..K.'K........................
≈#.....#~~~~..~..††..............
≈#!.#..#≈~~≈~≈.~~....~~~.......†.
≈## ####≈≈≈≈≈~~~~~≈~≈≈≈~~....†††~
≈≈≈≈≈≈≈≈≈≈≈≈≈≈≈≈≈~≈.~~~.~.~
≈≈≈≈≈≈≈≈≈≈≈≈≈≈≈≈≈≈≈~~~~≈≈≈~~
≈≈≈≈≈≈≈≈≈≈≈≈≈≈≈≈≈≈~~~~≈~~≈~≈≈
≈≈≈≈≈≈≈≈≈≈≈~~≈~≈≈≈≈....~..†~~


You could see a kobold brigand and a kobold.

Vanquished Creatures
  Terence (D:2)
  Natasha (twice) (D:2)
  A gnoll (D:1)
  4 river rats (Sewer)
  2 ribbon worms (D:3)
  5 endoplasms
  4 giant cockroaches
  2 goblins (D:1)
  3 hobgoblins
  4 kobolds
  2 quokkas
  5 ball pythons
  2 bats
  A frilled lizard (D:3)
  10 rats
48 creatures vanquished.

Vanquished Creatures (collateral kills)
  Natasha (D:2)
  A ribbon worm (D:3)
  2 hobgoblins (D:3)
  9 rats
13 creatures vanquished.

Vanquished Creatures (others)
  2 ancestors
2 creatures vanquished.

Grand Total: 63 creatures vanquished

Notes
Turn   | Place    | Note
-------+----------+-------------------------------------------
     0 | D:1      | CowFu the Draconian Shapeshifter began the quest for the
                  | Orb.
     0 | D:1      | Reached XP level 1. HP: 16/16 MP: 1/1
   297 | D:1      | Reached XP level 2. HP: 23/23 MP: 2/2
   853 | D:2      | Reached XP level 3. HP: 28/28 MP: 3/3
   949 | D:2      | Found a faded altar of an unknown god.
  1177 | D:2      | Prayed at the altar of an unknown god.
  1177 | D:2      | Became a worshipper of Hepliaklqana the Forgotten
  1177 | D:2      | Reached * piety under Hepliaklqana
  1370 | D:2      | Noticed Terence
  1389 | D:2      | Killed Terence
  1458 | D:2      | Noticed Natasha
  1465 | D:2      | Killed Natasha
  1466 | D:2      | Reached XP level 4. HP: 27/31 MP: 4/4
  2082 | D:2      | Noticed Natasha
  2090 | D:2      | Killed Natasha
  2138 | D:2      | Noticed Natasha
  2147 | D:2      | Killed Natasha
  2148 | D:2      | Reached XP level 5. HP: 27/36 MP: 5/5
  2209 | D:3      | Found a glowing drain.
  2241 | Sewer    | Entered a sewer
  2485 | Sewer    | Succumbed to a kobold brigand's curare-tipped dart

Illustrated notes

Levels and vault maps discovered:
D:1:      dpeg_arrival_houses_and_road, layout_basic
D:2:      layout_basic, shapermc_ecumenical_altar_gd, uniq_terence, uniq_natasha
D:3:      layout_loops_cross, overflow_temple_1_default, lemuel_tele_altar,
          portal_sewer_entry_b, uniq_sigmund
Sewer:    sewer_minmay_treatment

Skill      XL: |  1  2  3 |
---------------+----------+-----
Unarmed Combat | 4 |  4.9
Shapeshifting  | 4 |  4.6
Fighting       | |  1.1
Dodging        | |  1.7

Action                     |  1- 3 |  4- 6 || total
---------------------------+-------+-------++-------
  Melee: Unarmed           |    67 |    89 ||   156
         Tailslap          |    10 |    10 ||    20
         Punch             |     1 |     5 ||     6
 Invoke: Recall Ancestor   |       |     1 ||     1
    Use: Scroll            |       |     5 ||     5
 Armour: Skin              |    28 |    64 ||    92
  Dodge: Dodged            |    34 |    86 ||   120

Table legend: (Time is in decaauts)
 A = Elapsed time spent in this place.
 B = Non-inter-level travel time spent in this place.
 C = Inter-level travel time spent in this place.
 D = Time resting spent in this place.
 E = Time spent auto-exploring this place.
 F = Levels seen in this place.
 G = Mean time per level.
                   A        B        C        D        E       F      G
               +--------+--------+--------+--------+--------+-----+--------+
         Total |   2478 |   2321 |    157 |      0 |   1514 |   4 |  619.5 |
       Dungeon |   2237 |   2080 |    157 |      0 |   1359 |   3 |  745.7 |
         Sewer |    241 |    241 |      0 |      0 |    155 |   1 |  241.0 |
               +--------+--------+--------+--------+--------+-----+--------+

Top non-repeatable levels by time:
     D:2: 1386 daAuts
     D:1: 761 daAuts
   Sewer: 241 daAuts
     D:3: 89 daAuts
